 Dungeon Crawl Stone Soup version 0.31-a0-1612-g4aaf141004 (webtiles) character file.

Game seed: 2545086643498584769

39848 GreatBamboolord the Nimble (level 14, -5/105 HPs)
             Began as a Djinni Alchemist on Jan 8, 2024.
             Was a High Priest of Makhleb.
             Slain by a komodo dragon (11 damage)
             ... while petrified by a catoblepas
             ... on level 4 of the Lair of Beasts on Jan 9, 2024.
             The game lasted 00:48:23 (15904 turns).

GreatBamboolord the Nimble (Djinni Alchemist)      Turns: 15904, Time: 00:48:24

Health: -5/105     AC: 12    Str:  7    XL:     14   Next: 41%
Gold:   894        EV:  2    Int: 24    God:    Makhleb [*****.] SH:  0 Dex: 14

rFire   + + +        a - +7 dagger "Killer Bee's Regret" {drain, rF+ Will+}
rCold   + . .        (no shield)
rNeg    + + +        w - +2 robe {rC+}
rPois   ∞            x - +2 helmet
rElec   +            f - +2 cloak
rCorr   .            s - +1 pair of gloves
SInv    .            (boots unavailable)
Will    ++...        (no amulet)
Stlth   ++++         B - ring "Obethac" {rElec rN+ Int+2 Slay+4}
HPRegen 0.37/turn    T - ring of protection from cold
MPRegen 0.00/turn

%: infuse magic (-6 HP)
@: petrified, flying
A: sickness immunity, fire resistance 2, cold vulnerability 1, float, innate
caster, HP casting, extra vitality 1
a: Renounce Religion, Minor Destruction, Lesser Servant of Makhleb, Major
Destruction, Greater Servant of Makhleb


You were on level 4 of the Lair of Beasts.
You worshipped Makhleb.
Makhleb was extremely pleased with you.
You visited 2 branches of the dungeon, and saw 15 of its levels.
You also visited: Volcano.

You collected 1141 gold pieces.
You spent 247 gold pieces at shops.

Inventory:

Hand Weapons
 a - the +7 dagger "Killer Bee's Regret" (weapon) {drain, rF+ Will+}
   (You took it off an orc warrior on level 9 of the Dungeon)

   rF+:       It protects you from fire.
   Will+:     It increases your willpower.
 m - the +7 shortbow of Anguish {elec, rF+ rN++ Will- Str+3}
   (You found it on level 3 of the Dungeon)

   Str+3:     It affects your strength (+3).
   rF+:       It protects you from fire.
   rN++:      It greatly protects you from negative energy.
   Will-:     It decreases your willpower.
 y - the +9 quick blade of Amortisation {vamp, ^Drain rPois Dex+2 SInv}
   (You acquired it on level 4 of the Lair of Beasts)

   Dex+2:     It affects your dexterity (+2).
   rPois:     It protects you from poison SInv: It lets you see invisible.
   ^Drain:    It drains your maximum health when unequipped.
Armour
 f - a +2 cloak (worn)
 s - a +1 pair of gloves (worn)
 w - a +2 robe of cold resistance (worn)
 x - a +2 helmet (worn)
 z - the +3 leather armour of Plasticity {Will+ Slay+3}
   (You found it on level 8 of the Dungeon)

   Slay+3:    It affects your accuracy & damage with ranged weapons and melee
   (+3).
   Will+:     It increases your willpower.
 E - the +6 scale mail of the Devil's Advocate {^Contam MP+9 Int+3}
   (You found it on level 8 of the Dungeon)

   Int+3:     It affects your intelligence (+3).
   MP+9:      It affects your magic capacity (+9).
   ^Contam:   It causes magical contamination when unequipped.
 L - +0 steam dragon scales
Magical Staves
 b - a staff of alchemy
 A - a staff of fire
 C - a staff of cold
 S - a staff of air
Jewellery
 t - an amulet of faith
 B - the ring "Obethac" (left hand) {rElec rN+ Int+2 Slay+4}
   (You found it on level 7 of the Dungeon)

   [ring of positive energy]

   Int+2:     It affects your intelligence (+2).
   Slay+4:    It affects your accuracy & damage with ranged weapons and melee
   (+4).
   rElec:     It insulates you from electricity.
   rN+:       It protects you from negative energy.
 I - a ring of wizardry
 N - a ring of protection from fire
 O - a +6 ring of intelligence
 T - a ring of protection from cold (right hand)
 U - a +4 ring of protection
Wands
 e - a wand of charming (21)
 k - a wand of polymorph (39)
 r - a wand of roots (14)
Scrolls
 i - 4 scrolls of teleportation
 j - a scroll of noise
 o - 2 scrolls of poison
 p - a scroll of torment
 u - 3 scrolls of enchant weapon
 D - a scroll of revelation
 H - a scroll of brand weapon {unknown}
 J - 3 scrolls of fear
 M - a scroll of immolation {unknown}
 P - a scroll of blinking
 V - a scroll of identify
 W - a scroll of vulnerability {unknown}
Potions
 c - a potion of attraction
 d - 7 potions of curing
 g - 6 potions of lignification
 h - 3 potions of haste
 l - 2 potions of berserk rage {unknown}
 n - 6 potions of heal wounds
 q - 2 potions of brilliance
 v - a potion of enlightenment {unknown}
 F - a potion of cancellation {unknown}
 G - a potion of mutation
 K - 2 potions of experience {unknown}
 Q - 2 potions of might {unknown}
 R - 2 potions of ambrosia {unknown}


   Skills:
 + Level 11.1 Fighting
 + Level 12.3 Dodging
 + Level 10.3 Stealth
 * Level 12.1 Spellcasting
 * Level 12.1 Conjurations
 * Level 12.1 Hexes
 * Level 12.1 Summonings
 * Level 12.1 Necromancy
 * Level 12.1 Translocations
 * Level 12.1 Fire Magic
 * Level 12.1 Ice Magic
 * Level 12.1 Air Magic
 * Level 12.1 Earth Magic
 * Level 12.1 Alchemy


You knew the following spells:

 Your Spells              Type           Power      Damage    Failure   Level
a - Sting                 Conj/Alch      100%       1d9       1%          1
b - Mercury Vapours       Alch/Air       100%       N/A       1%          2
c - Mephitic Cloud        Conj/Alch/Air  64%        N/A       1%          3
d - Olgreb's Toxic Radia  Alch           64%        N/A       1%          4
e - Sticky Flame          Fire/Alch      64%        2d11      1%          4
f - Apportation           Tloc           100%       N/A       1%          1
g - Searing Ray           Conj           100%       2d8       1%          2
h - Tukima's Dance        Hex            64%        N/A       1%          3
i - Volatile Blastmotes   Fire/Tloc      100%       2d18      1%          3
j - Leda's Liquefaction   Alch/Erth      32%        N/A       1%          4
k - Borgnjor's Vile Clut  Necr/Erth      32%        N/A       1%          5
Your spell library was empty.

Dungeon Overview and Level Annotations

Branches:
Dungeon (10/15)            Temple (0/1) D:6            Lair (5/5) D:9
 Shoals (0/4) Lair:3       Spider (0/4) Lair:3          Orc (0/2) D:9
Volcano (visited)
  Slime: Lair:4-5

Altars:
Ashenzari
Cheibriados
Gozag
Hepliaklqana
Makhleb
Nemelex Xobeh
Trog
Uskayaw
Xom

Shops:
D:5 [   D:10 *

Portals:
Abyss: Lair:1

Annotations:
Lair:1 2 transporters, TheViccler's ghost, journeyman TrFi
Lair:2 2 transporters, exclusions: ice statue and oklob plant, Tune's ghost, journeyman DsEn


Innate Abilities, Weirdness & Mutations

You are immune to sickness and miasma.
You are immune to poison.
Your flesh is very heat resistant. (rF++)
You are vulnerable to cold. (rC-)
You float through the air rather than walking.
You learn spells naturally, not from books.
Your magical power is your life essence.
You have superior vitality. (+4 MHP)


Message History

The catoblepas gores you but does no damage.
The komodo dragon bites you. The elephant closely misses you.
The elephant trunk-slaps you but does no damage.
The catoblepas breathes a plume of calcifying dust at you.
The blast of calcifying dust hits you but does no damage.
You have turned to stone.
The elephant looks more healthy.
The komodo dragon bites you.
The elephant tramples you but does no damage.
The elephant trunk-slaps you but does no damage.
The catoblepas gores you!! The komodo dragon bites you!!
The elephant tramples you but does no damage.
The elephant trunk-slaps you but does no damage.
The catoblepas gores you. The komodo dragon bites you!
* * * LOW HITPOINT WARNING * * *
The elephant tramples you but does no damage.
The elephant trunk-slaps you but does no damage.
The catoblepas gores you but does no damage.
The komodo dragon bites you but does no damage.
The elephant tramples you.
* * * LOW HITPOINT WARNING * * *
You hold your ground!
The elephant trunk-slaps you but does no damage.
The catoblepas gores you.
* * * LOW HITPOINT WARNING * * *
The komodo dragon bites you.
The elephant tramples you but does no damage.
The elephant trunk-slaps you but does no damage.
The catoblepas gores you!
* * * LOW HITPOINT WARNING * * *
The komodo dragon bites you but does no damage.
The elephant tramples you!
* * * LOW HITPOINT WARNING * * *
You hold your ground!
The elephant trunk-slaps you but does no damage.
The catoblepas gores you!!
* * * LOW HITPOINT WARNING * * *
The komodo dragon bites you!!
You die...

##.#####.##.##.#..............###
#..###........##...............##
###.#........##.#...........#...#
##............##..........##....
#............P##.........[......
##............####.......#.#.....
#.............## ##....#.#...P...
##.............#####...#....#....
#.............Y@#..#..#...#.....
#.........###.#lYY..#...######..
#P........# ###.........# #..
##P....##.# #....##....## ##.
##...#######....#.#..## ###.
##### ##.^......#P..# #...
##........##...## #...
##.........##....# #...
#...........#.#..## #...


You could see a catoblepas (very poisoned), 2 elephants and a komodo dragon
(very poisoned).

Vanquished Creatures
  3 boulder beetles
  A hydra (Lair:2)
  3 catoblepae
  A hell hog (Volcano)
  A fire crab (Volcano)
  A deep troll (Lair:3)
  An oklob plant (Lair:4)
  Maurice (D:9)
  12 elephants
  A merfolk siren (Lair:3)
  A black mamba (Lair:4)
  A molten gargoyle (Volcano)
  9 cane toads
  3 rime drakes
  8 komodo dragons
  3 trolls
  A merfolk (Lair:3)
  Prince Ribbit (D:7)
  12 blink frogs
  6 dream sheep (Lair:4)
  A jumping spider (Lair:3)
  A shadow (D:9)
  4 wyverns
  9 fire bats (Volcano)
  3 basilisks
  3 steam dragons
  49 yaks
  3 vampire mosquitoes (D:10)
  A redback (Lair:3)
  An acid dragon (D:7)
  2 hell hounds (Volcano)
  12 water moccasins
  Duvessa (D:7)
  3 ice beasts
  A black bear (D:6)
  4 orc warriors
  2 sky beasts
  2 centaurs
  6 wolves
  A phantom (D:4)
  A kobold brigand (D:6)
  20 bullfrogs
  11 wights
  Dowan (D:7)
  3 howler monkeys (D:8)
  An electric eel (D:9)
  8 hounds
  3 lava snakes (Volcano)
  A bombardier beetle (D:7)
  Crazy Yiuf (D:2)
  8 orc priests
  A gnoll bouda (D:8)
  5 jellies
  An iguana (D:6)
  A sleepcap (D:7)
  15 orc wizards
  9 adders
  3 gnolls (D:8)
  2 white imps
  2 ufetubi (D:6)
  A dart slug (D:2)
  5 ribbon worms
  25 orcs
  2 bats
  4 endoplasms
  2 giant cockroaches
  6 goblins
  3 hobgoblins
  7 kobolds
  2 quokkas
  7 ball pythons
  A frilled lizard (D:2)
  4 rats
  A butterfly (Lair:1)
346 creatures vanquished.

Vanquished Creatures (collateral kills)
  A two-headed ogre (D:10)
  Pikel (D:5)
  7 wights
  An orc (D:6)
10 creatures vanquished.

Vanquished Creatures (others)
  A dancing weapon (D:6)
1 creature vanquished.

Grand Total: 357 creatures vanquished

Notes
Turn   | Place    | Note
-------+----------+-------------------------------------------
     0 | D:1      | GreatBamboolord the Djinni Alchemist began the quest for
                  | the Orb.
     0 | D:1      | GreatBamboolord set off with the following spells
                  | memorised: Sting, Mercury Vapours, Mephitic Cloud, Olgreb's
                  | Toxic Radiance, Sticky Flame.
     0 | D:1      | Reached XP level 1. HP: 15/15 MP: 0/0
   160 | D:1      | Reached XP level 2. HP: 20/22 MP: 0/0
   548 | D:2      | Reached XP level 3. HP: 19/26 MP: 0/0
   548 | D:2      | Learned a level 1 spell: Apportation
   627 | D:2      | Reached skill level 1 in Fighting
   750 | D:2      | Found a runed translucent door.
   751 | D:2      | Noticed Crazy Yiuf
   766 | D:2      | Killed Crazy Yiuf
   767 | D:2      | Reached XP level 4. HP: 14/32 MP: 0/0
  1398 | D:3      | Identified the +7 shortbow of Anguish {elec, rF+ rN++ Will-
                  | Str+3}
  1433 | D:3      | Noticed a +0 hand axe
  1435 | D:3      | Found a hide-covered altar of Uskayaw.
  1435 | D:3      | Noticed a +0 hand axe
  1752 | D:3      | Reached XP level 5. HP: 22/38 MP: 0/0
  1752 | D:3      | Learned a level 2 spell: Searing Ray
  2001 | D:3      | Reached XP level 6. HP: 37/43 MP: 0/0
  2539 | D:4      | Found a hazy altar of Hepliaklqana.
  3112 | D:5      | Entered Level 5 of the Dungeon
  3153 | D:5      | Reached XP level 7. HP: 35/49 MP: 0/0
  3153 | D:5      | Learned a level 3 spell: Tukima's Dance
  3338 | D:5      | Found a burning altar of Makhleb.
  3560 | D:5      | Became a worshipper of Makhleb the Destroyer
  3607 | D:5      | Noticed Pikel
  3616 | D:5      | Killed Pikel
  3617 | D:5      | Reached skill level 5 in Dodging
  3617 | D:5      | Reached skill level 5 in Spellcasting
  3617 | D:5      | Reached skill level 5 in Conjurations
  3617 | D:5      | Reached skill level 5 in Hexes
  3617 | D:5      | Reached skill level 5 in Summonings
  3617 | D:5      | Reached skill level 5 in Necromancy
  3617 | D:5      | Reached skill level 5 in Translocations
  3617 | D:5      | Reached skill level 5 in Fire Magic
  3617 | D:5      | Reached skill level 5 in Ice Magic
  3617 | D:5      | Reached skill level 5 in Air Magic
  3617 | D:5      | Reached skill level 5 in Earth Magic
  3617 | D:5      | Reached skill level 5 in Alchemy
  3617 | D:5      | Reached XP level 8. HP: 39/58 MP: 0/0
  3848 | D:5      | Found a shimmering altar of Xom.
  4270 | D:5      | Found Emimetal's Armour Shop.
  4273 | D:5      | Bought a +2 robe of cold resistance for 247 gold pieces
  4646 | D:6      | Reached XP level 9. HP: 55/63 MP: 0/0
  4646 | D:6      | Learned a level 3 spell: Volatile Blastmotes
  4849 | D:6      | Reached skill level 5 in Fighting
  4962 | D:6      | Found a staircase to the Ecumenical Temple.
  5559 | D:7      | Noticed Duvessa
  5559 | D:7      | Noticed Dowan
  5563 | D:7      | Killed Dowan
  5564 | D:7      | Reached skill level 5 in Stealth
  5570 | D:7      | Killed Duvessa
  5572 | D:7      | HP: 3/65 [ice beast (11)]
  6087 | D:7      | Found a broken altar of Ashenzari.
  6237 | D:7      | Reached * piety under Makhleb
  6412 | D:7      | Reached XP level 10. HP: 65/72 MP: 0/0
  6456 | D:7      | Identified the ring "Obethac" {rElec rN+ Int+2 Slay+4}
  6528 | D:7      | Found a snail-covered altar of Cheibriados.
  6528 | D:7      | Noticed Prince Ribbit
  6534 | D:7      | Killed Prince Ribbit
  7066 | D:8      | Identified the +6 scale mail of the Devil's Advocate
                  | {^Contam MP+9 Int+3}
  7240 | D:8      | Identified the +3 leather armour of Plasticity {Will+
                  | Slay+3}
  7772 | D:9      | Noticed Maurice
  7782 | D:9      | Killed Maurice
  7849 | D:9      | Reached ** piety under Makhleb
  7863 | D:9      | Reached XP level 11. HP: 55/79 MP: 0/0
  7863 | D:9      | Learned a level 4 spell: Leda's Liquefaction
  8031 | D:9      | Found a staircase to the Lair.
  8115 | D:9      | Identified the +7 dagger "Killer Bee's Regret" {drain, rF+
                  | Will+}
  8191 | D:9      | Found a staircase to the Orcish Mines.
  8886 | D:10     | Entered Level 10 of the Dungeon
  8887 | D:10     | Reached *** piety under Makhleb
  9152 | D:10     | Found an opulent altar of Gozag.
  9157 | D:10     | Found Gozag's Platinum Reserve.
  9602 | D:10     | Found a bloodstained altar of Trog.
  9602 | D:10     | Noticed a two-headed ogre
  9608 | D:10     | Killed a two-headed ogre
  9648 | D:10     | Found a sparkling altar of Nemelex Xobeh.
  9716 | Lair:1   | Entered Level 1 of the Lair of Beasts
  9728 | Lair:1   | Reached XP level 12. HP: 87/87 MP: 0/0
 10230 | Lair:1   | Reached skill level 10 in Dodging
 10230 | Lair:1   | Reached skill level 10 in Spellcasting
 10230 | Lair:1   | Reached skill level 10 in Conjurations
 10230 | Lair:1   | Reached skill level 10 in Hexes
 10230 | Lair:1   | Reached skill level 10 in Summonings
 10230 | Lair:1   | Reached skill level 10 in Necromancy
 10230 | Lair:1   | Reached skill level 10 in Translocations
 10230 | Lair:1   | Reached skill level 10 in Fire Magic
 10230 | Lair:1   | Reached skill level 10 in Ice Magic
 10230 | Lair:1   | Reached skill level 10 in Air Magic
 10230 | Lair:1   | Reached skill level 10 in Earth Magic
 10230 | Lair:1   | Reached skill level 10 in Alchemy
 10235 | Lair:1   | Reached **** piety under Makhleb
 10562 | Lair:1   | Noticed a rakshasa
 10579 | Lair:1   | Noticed a thrashing horror
 10843 | Lair:1   | Found a transporter.
 10845 | Lair:1   | Noticed a soul eater
 10846 | Lair:1   | Found a transporter.
 11100 | Lair:1   | Found a one-way gate to the infinite horrors of the Abyss.
 11100 | Lair:1   | Noticed TheViccler's ghost (journeyman TrFi)
 11127 | Lair:2   | Noticed a boulder beetle
 11179 | Lair:2   | Noticed a five-headed hydra
 11203 | Lair:2   | Killed a five-headed hydra
 11208 | Lair:2   | Found a dark tunnel.
 11213 | Volcano  | Entered a volcano
 11534 | Volcano  | Found a burning altar of Makhleb.
 11534 | Volcano  | Noticed a fire crab
 11541 | Volcano  | Reached XP level 13. HP: 73/94 MP: 0/0
 11541 | Volcano  | Learned a level 5 spell: Borgnjor's Vile Clutch
 11941 | Lair:2   | Identified the +3 spear of Wotoaniy {vamp, rC++ Will+ Int-2
                  | Dex+3}
 11994 | Lair:2   | Found a transporter.
 12031 | Lair:2   | Reached skill level 10 in Fighting
 12126 | Lair:2   | Found a transporter.
 12139 | Lair:2   | Identified the +3 spear of Rysukkorr {holy, Str+3}
 12328 | Lair:2   | Noticed Tune's ghost (journeyman DsEn)
 12857 | Lair:3   | Reached ***** piety under Makhleb
 13346 | Lair:3   | Noticed a catoblepas
 13367 | Lair:3   | Killed a catoblepas
 13812 | Lair:3   | Found a staircase to the Shoals.
 13993 | Lair:3   | Found a hole to the Spider Nest.
 14585 | Lair:4   | Noticed a catoblepas
 14601 | Lair:4   | Killed a catoblepas
 14706 | Lair:4   | Reached XP level 14. HP: 91/103 MP: 0/0
 14905 | Lair:4   | Identified a scroll of acquirement
 14908 | Lair:4   | Acquired the +9 quick blade of Amortisation {vamp, ^Drain
                  | rPois Dex+2 SInv}
 15015 | Lair:4   | Reached skill level 10 in Stealth
 15733 | Lair:5   | Entered Level 5 of the Lair of Beasts
 15746 | Lair:4   | Upgraded the game from 0.31-a0-1606-g60c5cc7444 to
                  | 0.31-a0-1612-g4aaf141004
 15903 | Lair:4   | HP: 5/105 [catoblepas (13)]
 15904 | Lair:4   | Slain by a komodo dragon

Illustrated notes

Levels and vault maps discovered:
D:1:      dpeg_arrival_shrine, layout_rooms
D:2:      layout_loops_cross, kennysheep_generic_room_2, uniq_crazy_yiuf_cottage
D:3:      layout_basic, dancing_weapons_uskayaw, kennysheep_small_spiral,
          minmay_misc_feat_diagonals
D:4:      layout_cave_pools, amcnicky_altar_gilded
D:5:      layout_gridville, mainiacjoe_overflow_alcove_4,
          mainiacjoe_overflow_surrounded_room, serial_shops,
          nicolae_shop_tiny_real_fake_doors, uniq_pikel
D:6:      layout_basic, minmay_temple_entry_grid, interstate_on_off
D:7:      layout_cave_pods, slow_altar_2, mainiacjoe_overflow_24_doors,
          serial_column_ruins, column_ruins_pillar_2, column_ruins_pillar_1,
          column_ruins_pillar_7, column_ruins_pillar_10, column_ruins_pillar_9,
          column_ruins_pillar_1, column_ruins_pillar_6, column_ruins_pillar_2,
          column_ruins_pillar_2, column_ruins_pillar_1, column_ruins_pillar_9,
          column_ruins_pillar_7, column_ruins_pillar_1, uniq_duvessa,
          uniq_prince_ribbit1
D:8:      layout_loops_ring, kennysheep_nondescript
D:9:      minmay_flawed_box, layout_loops_cross, erik_lair_island, david_orc_2,
          hangedman_decor_growths, uniq_maurice
D:10:     layout_roguey, nicolae_gozag_zags_fifth_avenue,
          mainiacjoe_overflow_swirl
Lair:1:   layout_cave_pods, gammafunk_ghost_abyssal_escape, lemuel_fruit_fields
Lair:2:   layout_cave_pods, nzn_ghost_randoct, enter_volcano_4,
          grunt_megastairs_2
Lair:3:   dreamdust_cave_troll, layout_cellular_growth,
          elwin_shoals_entry_rooms, spider_nest_entry_a, serial_rivers,
          chequers_serial_rivers_small_3, chequers_serial_rivers_small_a,
          chequers_serial_rivers_large_a, chequers_serial_rivers_micro_e
Lair:4:   layout_cave_pods, st_stairs_4
Lair:5:   due_jungle_book, layout_loops_ring, nicolae_slime_entry_slimehenge,
          evilmike_ambush [evilmike_ambush_outer_basic,
          evilmike_ambush_inner_basic], serial_bayou_shore_a, uniq_nessos

Skill      XL: |  1  2  3  4  5  6  7  8  9 10 11 12 13 14 |
---------------+-------------------------------------------+-----
Fighting       | 1 2 3 4 5 7 8 9 10 11 | 11.1
Stealth        | 2 3 4 5 6 7 8 9 10 | 10.3
Dodging        | 3 5 6 8 9 10 11 12 | 12.3
Spellcasting   | 4 5 7 8 9 10 11 12 | 12.1
Conjurations   | 4 5 7 8 9 10 11 12 | 12.1
Hexes          | 4 5 7 8 9 10 11 12 | 12.1
Summonings     | 4 5 7 8 9 10 11 12 | 12.1
Necromancy     | 4 5 7 8 9 10 11 12 | 12.1
Translocations | 4 5 7 8 9 10 11 12 | 12.1
Fire Magic     | 4 5 7 8 9 10 11 12 | 12.1
Ice Magic      | 4 5 7 8 9 10 11 12 | 12.1
Air Magic      | 4 5 7 8 9 10 11 12 | 12.1
Earth Magic    | 4 5 7 8 9 10 11 12 | 12.1
Alchemy        | 4 5 7 8 9 10 11 12 | 12.1

Action                     |  1- 3 |  4- 6 |  7- 9 | 10-12 | 13-15 || total
---------------------------+-------+-------+-------+-------+-------++-------
  Melee: Unarmed           |     1 |       |       |       |       ||     1
         Short sword       |    17 |    42 |    42 |       |       ||   101
         Punch             |       |       |     1 |       |     1 ||     2
         Staff             |       |       |       |    35 |    57 ||    92
         Dagger            |       |       |       |    58 |    46 ||   104
   Cast: Sting             |    30 |   103 |    17 |       |       ||   150
         Mercury Vapours   |     3 |    13 |     4 |     2 |       ||    22
         Searing Ray       |       |     5 |    24 |    34 |     3 ||    66
         Sticky Flame      |       |     1 |     7 |    21 |    26 ||    55
         Tukima's Dance    |       |       |    19 |    13 |       ||    32
         Olgreb's Toxic Ra |       |       |     8 |    69 |    57 ||   134
         Mephitic Cloud    |       |       |     1 |     3 |     1 ||     5
         Volatile Blastmot |       |       |     3 |     6 |     3 ||    12
         Leda's Liquefacti |       |       |       |     8 |     5 ||    13
         Borgnjor's Vile C |       |       |       |       |    16 ||    16
    Use: Scroll            |     2 |     4 |     3 |     6 |    11 ||    26
         Potion            |       |       |     3 |       |       ||     3
   Stab: Sleeping          |     1 |       |     2 |     6 |     5 ||    14
         Distracted        |       |       |     1 |       |       ||     1
 Armour: Robe              |    10 |    64 |    73 |   118 |   144 ||   409
  Dodge: Dodged            |    23 |    59 |    86 |   121 |   136 ||   425

Table legend: (Time is in decaauts)
 A = Elapsed time spent in this place.
 B = Non-inter-level travel time spent in this place.
 C = Inter-level travel time spent in this place.
 D = Time resting spent in this place.
 E = Time spent auto-exploring this place.
 F = Levels seen in this place.
 G = Mean time per level.
                   A        B        C        D        E       F      G
               +--------+--------+--------+--------+--------+-----+--------+
         Total |  15966 |  15302 |    664 |   1020 |  11592 |  16 |  997.9 |
       Dungeon |   9718 |   9212 |    506 |    443 |   7274 |  10 |  971.8 |
          Lair |   5706 |   5549 |    157 |    440 |   4127 |   5 | 1141.2 |
       Volcano |    541 |    541 |      0 |    137 |    191 |   1 |  541.0 |
               +--------+--------+--------+--------+--------+-----+--------+

Top non-repeatable levels by time:
  Lair:3: 1652 daAuts
  Lair:4: 1446 daAuts
  Lair:1: 1421 daAuts
     D:6: 1342 daAuts
     D:5: 1242 daAuts
     D:9: 1184 daAuts
  Lair:2: 1177 daAuts
     D:7: 1150 daAuts
     D:3: 1002 daAuts
     D:2: 879 daAuts
     D:4: 854 daAuts
     D:8: 846 daAuts
    D:10: 783 daAuts
 Volcano: 541 daAuts
     D:1: 431 daAuts
